 Dungeon Sprint DCSS version 0.23.2-30-g0e89c35649 (webtiles) character file.

Game seed: 3152717909837234354

94 HASTUR3 the Gusty (level 4, -4/24 HPs)
             Began as a Deep Elf Air Elementalist on June 19, 2019.
             Slain by a sky beast (6 damage)
             ... in the Dungeon (Sprint IX: "|||||||||||||||||||||||||||||").
             The game lasted 00:01:25 (37 turns).

HASTUR3 the Gusty (Deep Elf Air Elementalist)         Turns: 37, Time: 00:01:26

Health: -4/24      AC:  2    Str:  5    XL:     4   Next: 38%
Magic:  8/13       EV: 13    Int: 21    God:
Gold:   0          SH:  0    Dex: 15    Spells: 13/14 levels left

rFire    . . .     SeeInvis .   (no weapon)
rCold    . . .     Gourm    .   (no shield)
rNeg     . . .     Faith    .   a - +0 robe
rPois    .         Spirit   .   (no helmet)
rElec    .         Reflect  .   (no cloak)
rCorr    .         Harm     .   (no gloves)
MR       .....     NoTele   +   (no boots)
Stlth    ++........             (no amulet)
HPRegen  0.08/turn              (no ring)
MPRegen  0.13/turn              (no ring)

@: very slightly contaminated, hasted, very quick
A: no striking features
a: no special abilities


You were in the Dungeon.
You were not hungry.

You visited 1 branch

Inventory:

Armour
 a - a +0 robe (worn)
Scrolls
 i - a scroll of blinking (quivered)
Potions
 d - a potion of curing
 g - a potion of magic
 h - a potion of berserk rage
Comestibles
 b - 3 chunks of flesh
 c - a ration


   Skills:
 - Level 2.4 Dodging
 - Level 2.4 Stealth
 + Level 5.9 Spellcasting
 + Level 5.8 Conjurations
 * Level 6.3 Air Magic


You had 13 spell levels left.
You knew the following spells:

 Your Spells              Type           Power        Failure   Level  Hunger
a - Shock                 Conj/Air       ####         1%          1    None

Your spell library contained the following spells:

 Spells                   Type           Power        Failure   Level  Hunger
 Static Discharge         Conj/Air       ####....     2%          3    ##.....
 Swiftness                Chrm/Air       ###.....     4%          2    None
 Airstrike                Air            ####......   7%          4    ####...
 Lightning Bolt           Conj/Air       ####......   22%         5    #####..


Dungeon Overview and Level Annotations

Branches:
Dungeon (1/1)

Altars:


Message History

Reactivating autopickup.
There is an open door to the Dungeon here.
You see here a +0 short sword.
Casting: Shock (safe; 1% risk of failure)
Confirm with . or Enter, or press ? or * to list all spells.
You can't see any susceptible monsters within range! (Use Z to cast anyway.)
Casting: Shock (safe; 1% risk of failure)
Confirm with . or Enter, or press ? or * to list all spells.
Aiming: Shock (safe; 1% risk of failure)
Press: ? - help, Shift-Dir - straight line The zap hits the sky beast.
The sky beast completely resists.
Okay, then.
Quiver which item? (- for none, * to show all) (? for menu, Esc to quit)
Quivering
i - a scroll of blinking for throwing.
You barely miss the sky beast. You closely miss the sky beast.
The sky beast barely misses you.
You hit the sky beast but do no damage. The sky beast hits you.
* * * LOW HITPOINT WARNING * * *
The sky beast shocks you.
You die...

▓▓▓
▓<▓
▓.▓
▓@▓
▓Y▓
▓)▓
▓.▓
▓.▓
▓.▓
▓)▓
▓.▓
▓†▓


You could see a sky beast.

Vanquished Creatures
  An ogre (D)
  A leopard gecko (D)
  A goblin (D)
  A hobgoblin (D)
  A jackal (D)
  3 kobolds (D)
  A frilled lizard (D)
9 creatures vanquished.

Vanquished Creatures (others)
  2 spatial maelstroms (D)
2 creatures vanquished.

Grand Total: 11 creatures vanquished

Notes
Turn   | Place    | Note
-------+----------+-------------------------------------------
     0 | D        | HASTUR3 the Deep Elf Air Elementalist began the quest for
                  | the Orb.
     0 | D        | Reached XP level 1. HP: 10/10 MP: 6/6
     6 | D        | Banished a spatial maelstrom
     6 | D        | Banished a spatial maelstrom
    14 | D        | Noticed a sky beast
    14 | D        | Noticed an ogre
    15 | D        | Reached XP level 2. HP: 15/15 MP: 5/8
    24 | D        | Killed an ogre
    24 | D        | Reached skill level 5 in Spellcasting
    24 | D        | Reached skill level 5 in Conjurations
    24 | D        | Reached skill level 6 in Air Magic
    24 | D        | Reached XP level 3. HP: 10/19 MP: 7/12
    24 | D        | Reached XP level 4. HP: 12/24 MP: 7/13
    37 | D        | Slain by a sky beast

Skill      XL: |  1  2 |
---------------+-------+-----
Conjurations   | 4 5 |  5.8
Spellcasting   | 5 |  5.9
Air Magic      | 6 |  6.3
Dodging        | |  2.4
Stealth        | |  2.4

Action                   |  1- 3 |  4- 6 || total
-------------------------+-------+-------++-------
Melee: Unarmed           |       |     4 ||     4
 Cast: Shock             |     8 |     2 ||    10
  Use: Potion            |     2 |     1 ||     3
Armor: Robe              |     2 |     1 ||     3
Dodge: Dodged            |     3 |     1 ||     4
